 Dungeon Crawl Stone Soup version 0.23.1 (webtiles) character file.

Game seed: 0

8299 Fang the Fighter (level 11, -7/108 HPs)
             Began as a Gargoyle Berserker on Mar 13, 2019.
             Was a High Priest of Trog.
             Mangled by a 12-headed hydra (8 damage)
             ... on level 11 of the Dungeon.
             The game lasted 00:13:45 (9908 turns).

Fang the Fighter (Gargoyle Berserker)               Turns: 9908, Time: 00:13:46

Health: -7/108     AC: 26    Str: 29    XL:     11   Next: 28%
Magic:  11/11      EV: 11    Int:  8    God:    Trog [*****.]
Gold:   498        SH:  0    Dex:  9    Spells: 10/10 levels left

rFire    . . .     SeeInvis +   e - +2 war axe (chop)
rCold    . . .     Gourm    .   (no shield)
rNeg     + . .     Faith    .   A - +3 plate armour
rPois    ∞         Spirit   .   (no helmet)
rElec    +         Reflect  .   (no cloak)
rCorr    +         Harm     .   a - +0 pair of gloves
MR       .....                  (no boots)
Stlth    ..........             v - amulet of regeneration
HPRegen  0.68/turn              i - ring of resist corrosion
MPRegen  0.12/turn              q - ring of see invisible

@: berserking (expiring), very quick
A: negative energy resistance 1, electricity resistance, unbreathing,
petrification resistance, rot immunity, AC +8
a: Berserk, Trog's Hand, Brothers in Arms, Renounce Religion


You were on level 11 of the Dungeon.
You worshipped Trog.
Trog was extremely pleased with you.
You were hungry.

You visited 2 branches of the dungeon, and saw 12 of its levels.
You also visited: Bailey.

You collected 498 gold pieces.

Inventory:

Hand Weapons
 b - a +0 hand axe of electrocution
 e - a +2 war axe of chopping (weapon)
 h - a +1 antimagic broad axe
 C - a +0 war axe
Armour
 a - a +0 pair of gloves (worn)
 A - a +3 plate armour (worn)
Jewellery
 i - a ring of resist corrosion (left hand)
 q - a ring of see invisible (right hand)
 v - an amulet of regeneration (around neck)
Wands
 l - a wand of paralysis (7)
 t - a wand of disintegration (11)
 y - a wand of flame (16)
Scrolls
 d - 5 scrolls of teleportation
 g - a scroll of fear
 o - a scroll of fog
 r - 2 scrolls of identify
Potions
 f - 9 potions of curing
 j - a potion of brilliance
 m - a potion of ambrosia
 n - 2 potions of haste
 p - 2 potions of agility
 s - 2 potions of mutation
 w - a potion of heal wounds
 z - a potion of magic
 B - a potion of might
Comestibles
 c - 16 rations
 k - 5 chunks of flesh


   Skills:
 + Level 10.0 Fighting
 + Level 8.4 Axes
 + Level 9.7 Armour
 + Level 7.4 Dodging


You had 10 spell levels left.
You didn't know any spells.
Your spell library was empty.

Dungeon Overview and Level Annotations

Branches:
Dungeon (11/15)            Temple (1/1) D:5            Lair (0/6) D:8
    Orc (0/2) D:10

Altars:
Elyvilon
Nemelex Xobeh
Uskayaw
Vehumet
Xom
Yredelemnul

Shops:
D:6 =   D:8 :


Innate Abilities, Weirdness & Mutations

You are resistant to torment.
Your stone body is resilient. (AC +8)
You are immune to poison.
You resist negative energy. (rN+)
You are resistant to electric shocks. (rElec)
You can survive without breathing.
You are immune to petrification.
You are immune to rotting.


Message History

The 11-headed hydra bites you but does no damage. x2
The 11-headed hydra barely misses you. The 11-headed hydra closely misses you.
The 11-headed hydra barely misses you. The 11-headed hydra bites you!
* * * LOW HITPOINT WARNING * * *
The 11-headed hydra closely misses you.
You hack one of the 11-headed hydra's heads off!
The ten-headed hydra grows two more!
You slice the 12-headed hydra!!
The 12-headed hydra is heavily wounded.
You barely miss the 12-headed hydra.
The 12-headed hydra is heavily wounded.
The 12-headed hydra bites you!
* * * LOW HITPOINT WARNING * * *
The 12-headed hydra bites you but does no damage.
The 12-headed hydra closely misses you. The 12-headed hydra bites you.
* * * LOW HITPOINT WARNING * * *
The 12-headed hydra barely misses you.
The 12-headed hydra completely misses you.
The 12-headed hydra bites you but does no damage. x2
The 12-headed hydra bites you!
You die...

################
#.....D........#
#.....@........#
#..#'#####.....#
#..#.....+.....#
######..#.....#.....#
#.......#.....#.....#####
..........#######.........#
##........................#
#........................#
#.................#####..####


You could see a 12-headed hydra.

Vanquished Creatures
  A hydra (D:11)
  An ugly thing (D:7)
  A komodo dragon (D:8)
  A merfolk (D:9)
  2 trolls
  2 hippogriffs
  A wyvern (D:9)
  Sigmund (D:2)
  A water moccasin (D:10)
  A swamp drake (D:10)
  2 sky beasts
  An ice beast (D:7)
  6 orc warriors
  2 black bears (D:6)
  2 eyes of draining
  A necrophage (D:9)
  2 phantoms
  4 ogres
  4 centaurs
  A big kobold (D:7)
  9 bullfrogs
  A gnoll sergeant (D:10)
  A water moccasin zombie (D:9)
  3 scorpions (D:10)
  7 wights (D:6)
  9 crimson imps
  2 quasits (D:9)
  2 centaur zombies (D:9)
  A jelly (D:8)
  6 centaur skeletons
  2 hounds
  5 orc priests
  A bullfrog skeleton (D:7)
  12 orc wizards
  3 iguanas
  4 worker ants
  A hound skeleton (D:9)
  A worker ant zombie (D:6)
  20 adders
  6 gnolls
  2 shadow imps
  2 oozes
  2 adder skeletons
  4 worms
  3 dart slugs (D:1)
  7 leopard geckos
  46 orcs
  A ball python (D:4)
  11 bats
  7 giant cockroaches
  8 goblins
  4 hobgoblins
  19 jackals
  13 kobolds
  5 quokkas
  A ball python skeleton (D:4)
  12 frilled lizards
  A leopard gecko skeleton (D:4)
  A quokka zombie (D:5)
  6 rats
  A plant (D:8)
289 creatures vanquished.

Vanquished Creatures (collateral kills)
  The ghost of THUG4L1F3 the Skirmisher, a novice MiBe of Trog (D:7)
  3 wights (D:6)
4 creatures vanquished.

Vanquished Creatures (others)
  3 plants (D:8)
3 creatures vanquished.

Grand Total: 296 creatures vanquished

Notes
Turn   | Place    | Note
-------+----------+-------------------------------------------
     0 | D:1      | Fang the Gargoyle Berserker began the quest for the Orb.
     0 | D:1      | Reached XP level 1. HP: 14/14 MP: 1/1
    85 | D:1      | Reached XP level 2. HP: 16/19 MP: 2/2
   473 | D:1      | Reached XP level 3. HP: 20/23 MP: 3/3
   475 | D:1      | Reached ** piety under Trog
   779 | D:2      | Noticed Sigmund
   786 | D:2      | Killed Sigmund
   786 | D:2      | Reached skill level 4 in Fighting
   786 | D:2      | Reached XP level 4. HP: 30/30 MP: 4/4
   786 | D:2      | Reached XP level 5. HP: 34/34 MP: 5/5
   952 | D:2      | Reached XP level 6. HP: 36/39 MP: 6/6
  1384 | D:3      | Noticed a phantom
  2215 | D:3      | Killed a phantom
  2215 | D:3      | Reached skill level 5 in Fighting
  2539 | D:3      | Reached *** piety under Trog
  2539 | D:3      | Reached XP level 7. HP: 41/44 MP: 7/7
  3464 | D:4      | Found a radiant altar of Vehumet.
  3554 | D:4      | Found a sparkling altar of Nemelex Xobeh.
  3595 | D:4      | Found a shimmering altar of Xom.
  3598 | D:4      | Found a basalt altar of Yredelemnul.
  3602 | D:4      | Reached **** piety under Trog
  3608 | D:4      | Found a white marble altar of Elyvilon.
  3682 | D:4      | Reached skill level 5 in Armour
  4140 | D:5      | Entered Level 5 of the Dungeon
  4418 | D:5      | Reached XP level 8. HP: 47/51 MP: 8/8
  4571 | D:5      | Reached skill level 6 in Fighting
  4720 | D:5      | Found a staircase to the Ecumenical Temple.
  4909 | Temple   | Entered the Ecumenical Temple
  5513 | D:6      | Reached skill level 5 in Axes
  5784 | D:6      | Found Beesunal's Jewellery Shoppe.
  5868 | D:6      | HP: 1/78 [orc warrior/+0 dire flail (13)]
  5871 | D:6      | Reached skill level 7 in Fighting
  5871 | D:6      | Reached XP level 9. HP: 2/57 MP: 9/9
  6008 | D:6      | Reached skill level 5 in Dodging
  6852 | D:7      | Found a runed translucent door.
  6855 | D:7      | Noticed a cyan ugly thing
  6855 | D:7      | Noticed THUG4L1F3's ghost (novice MiBe)
  7131 | D:7      | Reached skill level 8 in Fighting
  7222 | D:7      | Found a flagged portal.
  7234 | D:7      | Reached ***** piety under Trog
  7257 | Bailey   | Entered a bailey
  7666 | D:7      | Killed THUG4L1F3's ghost
  7666 | D:7      | Reached XP level 10. HP: 52/64 MP: 10/10
  7671 | D:7      | Killed a cyan ugly thing
  8047 | D:8      | Found a staircase to the Lair.
  8056 | D:8      | Found Zuxein's Book Emporium.
  8687 | D:9      | Reached skill level 9 in Fighting
  9169 | D:10     | Entered Level 10 of the Dungeon
  9373 | D:10     | Reached XP level 11. HP: 67/71 MP: 11/11
  9632 | D:10     | Found a staircase to the Orcish Mines.
  9644 | D:10     | Received a gift from Trog
  9884 | D:11     | Noticed an eight-headed hydra
  9884 | D:11     | Noticed a seven-headed hydra
  9905 | D:11     | Killed a 15-headed hydra
  9905 | D:11     | Reached skill level 10 in Fighting
  9908 | D:11     | HP: 1/108 [12-headed hydra (6)]
  9908 | D:11     | Mangled by a 12-headed hydra

Skill      XL: |  1  2  3  4  5  6  7  8  9 10 11 |
---------------+----------------------------------+-----
Axes           | 3 4 5 6 8 |  8.4
Dodging        | 2 3 4 6 7 |  7.4
Fighting       | 4 5 7 8 9 10 | 10.0
Armour         | 3 4 5 6 7 9 |  9.7

Action                   |  1- 3 |  4- 6 |  7- 9 | 10-12 || total
-------------------------+-------+-------+-------+-------++-------
Melee: Hand axe          |    75 |   199 |   574 |   151 ||   999
       War axe           |       |       |       |   215 ||   215
Invok: Berserk           |     1 |     1 |     6 |     4 ||    12
       Brothers in Arms  |       |       |     3 |     1 ||     4
  Use: Scroll            |       |       |    19 |    10 ||    29
       Potion            |       |       |       |     1 ||     1
  Eat: Chunk             |       |     8 |    18 |     9 ||    35
       Ration            |       |       |     2 |       ||     2
Armor: Animal skin       |    36 |    61 |    54 |       ||   151
       Scale mail        |       |       |    95 |       ||    95
       Chain mail        |       |       |   107 |       ||   107
       Plate armour      |       |       |    98 |   369 ||   467
Dodge: Dodged            |    65 |   122 |   406 |   252 ||   845
